 Dungeon Crawl Stone Soup version 0.23.0-28-g6fe0f4d (webtiles) character file.

Game seed: 1577822995893725377

6878 Hasart the Destroyer (level 10, 0/77 HPs)
             Began as a Demigod Wizard on Feb 25, 2019.
             Slain by a shadow (11 damage)
             ... on level 9 of the Dungeon.
             The game lasted 00:49:49 (13724 turns).

Hasart the Destroyer (Demigod Wizard)              Turns: 13724, Time: 00:49:50

Health: 0/77       AC:  9    Str: 14    XL:     10   Next: 50%
Magic:  20/23      EV: 12    Int: 28    God:
Gold:   382        SH:  6    Dex: 17    Spells: 7/21 levels left

rFire    + . .     SeeInvis .   O - +7 eveningstar of the Asp {crush, Str+4}
rCold    + . .     Gourm    .   q - +0 buckler
rNeg     + . .     Faith    .   L - +0 troll leather armour
rPois    .         Spirit   .   J - +1 hat
rElec    .         Reflect  .   H - scarf {rC+ rF+}
rCorr    .         Harm     .   N - +2 pair of gloves {Dex+3}
MR       +....                  G - +0 pair of boots
Stlth    ++........             (no amulet)
HPRegen  0.62/turn              g - +4 ring of slaying
MPRegen  0.18/turn              P - ring of positive energy

@: no status effects
A: high mp 1
a: no special abilities


You were on level 9 of the Dungeon.
You were not hungry.

You visited 1 branch of the dungeon, and saw 9 of its levels.

You collected 472 gold pieces.
You spent 90 gold pieces at shops.

Inventory:

Hand Weapons
 F - the +1 long sword of Fortitude {venom, Dex+5}
   (You found it on level 8 of the Dungeon)

   It poisons the flesh of those it strikes.
   It affects your dexterity (+5).
 O - the +7 eveningstar of the Asp (weapon) {crush, Str+4}
   (You found it on level 8 of the Dungeon)

   It inflicts extra damage upon your enemies.
   It affects your strength (+4).
Armour
 q - a +0 buckler (worn)
 G - a +0 pair of boots (worn)
 H - a scarf of resistance (worn)
 J - a +1 hat (worn)
 L - a +0 troll leather armour (worn)
 N - a +2 pair of gloves of dexterity (worn)
Magical Staves
 m - an uncursed staff of cold
Jewellery
 b - the ring "Qauhiebb" {rC+ MR- MP-9 Str+7 SInv}
   (You found it on level 8 of the Dungeon)

   [ring of protection from cold]

   It affects your strength (+7).
   It protects you from cold.
   It affects your resistance to hostile enchantments.
   It affects your magic capacity (-9).
   It lets you see invisible.
 g - a +4 ring of slaying (left hand)
 P - a ring of positive energy (right hand)
Wands
 l - a wand of iceblast (5)
 t - a wand of random effects (23)
 y - a wand of disintegration (29)
 M - a wand of flame (14)
Scrolls
 c - 6 scrolls of identify
 e - 5 scrolls of teleportation {unknown}
 f - 2 scrolls of enchant weapon {unknown}
 i - 3 scrolls of blinking {unknown}
 o - 6 scrolls of remove curse
 p - a scroll of amnesia {unknown}
 u - 2 scrolls of noise {unknown}
 v - a scroll of immolation {unknown}
 x - a scroll of fear {unknown}
 I - a scroll of brand weapon {unknown}
Potions
 h - 2 potions of ambrosia {unknown}
 k - a potion of haste {unknown}
 r - a potion of flight {unknown}
 s - a potion of lignification {unknown}
 w - 2 potions of might {unknown}
 z - a potion of mutation {unknown}
 A - a potion of berserk rage {unknown}
 B - 2 potions of curing
 C - 2 potions of invisibility {unknown}
 D - 2 potions of heal wounds
 E - a potion of brilliance {unknown}
 K - a potion of agility {unknown}
Comestibles
 d - 14 rations


   Skills:
 + Level 3.1 Fighting
 - Level 2.8 Long Blades
 + Level 3.1 Maces & Flails
 + Level 0.9 Armour
 - Level 1.7 Dodging
 - Level 1.7 Stealth
 - Level 5.1 Shields
 + Level 6.2 Spellcasting
 + Level 8.6 Conjurations
 + Level 5.9 Summonings
 - Level 0.8 Translocations
 * Level 0.6 Fire Magic
 - Level 3.0 Air Magic
 - Level 3.1 Poison Magic


You had 7 spell levels left.
You knew the following spells:

 Your Spells              Type           Power        Failure   Level  Hunger
a - Magic Dart            Conj           ####         1%          1    None
b - Blink                 Tloc           N/A          8%          2    None
c - Call Imp              Summ           #####...     1%          2    None
d - Mephitic Cloud        Conj/Pois/Air  #####...     3%          3    None
e - Bolt of Fire          Conj/Fire      ####......   86%         6    ######.

Your spell library contained the following spells:

 Spells                   Type           Power        Failure   Level  Hunger
 Flame Tongue             Conj/Fire      ####.        1%          1    None
 Conjure Flame            Conj/Fire      ####....     3%          3    None
 Confusing Touch          Hex            #.....       8%          1    None
 Slow                     Hex            #.......     11%         2    None
 Gell's Gravitas          Tloc           ##........   16%         3    None
 Confuse                  Hex            #.......     22%         3    None
 Cause Fear               Hex            #.........   58%         4    ###....
 Petrify                  Tmut/Erth      #.......     58%         4    ###....
 Metabolic Englaciation   Hex/Ice        #.........   90%         5    #####..
 Yara's Violent Unravell  Hex/Tmut       #.........   90%         5    #####..
 Dragon Form              Tmut           #.........   100%        7    #######
 Dragon's Call            Summ           #####.....   100%        9    #######


Dungeon Overview and Level Annotations

Branches:
Dungeon (9/15)             Temple (0/1) D:6            Lair (0/6) D:8
    Orc: D:9-12


Innate Abilities, Weirdness & Mutations

You have an increased reservoir of magic. (+10% MP)


Message History

The shadow is almost destroyed.
The shadow closely misses you. The shadow hits you.
You closely miss the shadow.
The shadow is almost destroyed.
The shadow slips into darkness.
The shadow flickers and vanishes!
Deactivating autopickup; reactivate with Ctrl-A.
The shadow strikes at you from the darkness!
* * * LOW HITPOINT WARNING * * *
Reactivating autopickup.
You see here an arrow.
Casting: Mephitic Cloud (safe; 3% risk of failure)
Confirm with . or Enter, or press ? or * to list all spells.
Aiming: Magic Dart (safe; 1% risk of failure)
Press: ? - help, Shift-Dir - straight line, f - shadow
Aim: a shadow (almost destroyed)
The magic dart hits the shadow.
The shadow is almost destroyed.
The shadow hits you!
You die...

# #.##.#
# #.##.#
##
#.##..
.######
##.####
#.....#
##.#.#
##.#.#.#
##.###.#
##<#
#.## #..
#.##
#..# ###
#.#
#@#.# .#
#W##.# #
#(# ##
#)# #(#
#.# #.#
... #..


You could see a shadow.

Vanquished Creatures
  A two-headed ogre (D:8)
  A catoblepas (D:8)
  2 trolls (D:8)
  A hippogriff (D:8)
  A yak (D:8)
  2 wyverns (D:8)
  2 hungry ghosts
  Edmund (D:6)
  4 ice beasts
  A hornet zombie (D:7)
  An orc warrior (D:8)
  2 sky beasts
  4 ogres
  A necrophage (D:7)
  6 centaurs
  An elf zombie (D:6)
  5 bullfrogs
  11 wights
  3 howler monkeys
  5 crimson imps
  A bullfrog zombie (D:7)
  4 hounds
  A quasit (D:6)
  6 jellies
  7 orc priests
  2 centaur skeletons
  A gnoll shaman (D:6)
  8 orc wizards
  A human zombie (D:6)
  Jessica (D:2)
  3 iguanas
  A bullfrog skeleton (D:8)
  2 human skeletons (D:6)
  7 worker ants
  11 gnolls
  13 adders
  A howler monkey skeleton (D:7)
  A shadow imp (D:8)
  2 oozes
  2 adder skeletons
  3 worms
  A dart slug (D:2)
  5 leopard geckos
  18 orcs
  4 ball pythons
  10 giant cockroaches
  11 goblins
  8 hobgoblins
  10 jackals
  12 kobolds
  2 quokkas
  A ball python skeleton (D:5)
  9 bats
  A frilled lizard (D:3)
  A jackal zombie (D:8)
  A leopard gecko skeleton (D:6)
  2 orc zombies (D:6)
  10 rats
239 creatures vanquished.

Vanquished Creatures (collateral kills)
  A wight (D:8)
  3 howler monkeys (D:8)
  A centaur skeleton (D:5)
  A worm (D:2)
6 creatures vanquished.

Grand Total: 245 creatures vanquished

Notes
Turn   | Place    | Note
-------+----------+-------------------------------------------
     0 | D:1      | Hasart the Demigod Wizard began the quest for the Orb.
     0 | D:1      | Reached XP level 1. HP: 14/14 MP: 6/6
    91 | D:1      | Reached skill level 1 in Conjurations
   353 | D:1      | Reached XP level 2. HP: 20/20 MP: 0/8
   407 | D:1      | Learned a level 2 spell: Blink
   410 | D:1      | Learned a level 2 spell: Call Imp
   575 | D:1      | Reached skill level 1 in Summonings
   870 | D:1      | Reached skill level 2 in Conjurations
  1193 | D:2      | Reached XP level 3. HP: 18/26 MP: 1/10
  1438 | D:2      | Learned a level 3 spell: Mephitic Cloud
  1566 | D:2      | Noticed Jessica
  1583 | D:2      | Killed Jessica
  1583 | D:2      | Reached XP level 4. HP: 27/33 MP: 0/11
  2294 | D:2      | Found a white marble altar of Elyvilon.
  2567 | D:3      | Reached skill level 1 in Air Magic
  3204 | D:4      | Found a sacrificial altar of Ru.
  3232 | D:3      | Reached skill level 3 in Conjurations
  3232 | D:3      | Reached skill level 1 in Poison Magic
  3232 | D:3      | Reached XP level 5. HP: 15/38 MP: 6/13
  4019 | D:4      | Reached XP level 6. HP: 45/45 MP: 9/14
  4025 | D:4      | Reached skill level 1 in Maces & Flails
  4292 | D:4      | Found a blossoming altar of Fedhas.
  4371 | D:5      | Entered Level 5 of the Dungeon
  4819 | D:5      | Found a snail-covered altar of Cheibriados.
  4819 | D:5      | Found a bloodstained altar of Trog.
  4840 | D:5      | Reached skill level 1 in Shields
  5136 | D:5      | Found a hide-covered altar of Uskayaw.
  5149 | D:5      | Reached skill level 4 in Conjurations
  5149 | D:5      | Reached XP level 7. HP: 37/50 MP: 10/16
  6000 | D:5      | Found a basalt altar of Yredelemnul.
  6002 | D:5      | Found an ornate altar of the Wu Jian Council.
  7056 | D:5      | Reached XP level 8. HP: 21/57 MP: 4/17
  7341 | D:6      | Reached skill level 5 in Conjurations
  7730 | D:6      | Found a staircase to the Ecumenical Temple.
  7777 | D:6      | Found an iron altar of Okawaru.
  7822 | D:6      | Found a burning altar of Makhleb.
  7959 | D:6      | Noticed Edmund
  7985 | D:6      | Killed Edmund
  8821 | D:7      | Reached skill level 6 in Conjurations
  9173 | D:7      | Reached XP level 9. HP: 29/62 MP: 3/20
  9531 | D:7      | Found a hazy altar of Hepliaklqana.
  9542 | D:7      | Reached skill level 5 in Spellcasting
 10402 | D:7      | Reached skill level 7 in Conjurations
 10845 | D:7      | Found Zin's Purification Station.
 10848 | D:7      | Found a glowing silver altar of Zin.
 10851 | D:7      | Bought a potion of curing for 90 gold pieces
 11009 | D:8      | Got a dazzling long sword
 11010 | D:8      | Identified the cursed +1 long sword of Fortitude {venom,
                  | Dex+5} (You found it on level 8 of the Dungeon)
 11097 | D:8      | Noticed a two-headed ogre
 11270 | D:8      | Reached skill level 5 in Summonings
 11352 | D:8      | Reached skill level 1 in Fighting
 11586 | D:8      | Reached skill level 1 in Long Blades
 11979 | D:8      | Killed a two-headed ogre
 11979 | D:8      | Reached XP level 10. HP: 53/73 MP: 5/22
 12213 | D:8      | Reached skill level 8 in Conjurations
 12228 | D:8      | Noticed a catoblepas
 12324 | D:8      | Got a serpentine silver ring
 12325 | D:8      | Identified the ring "Qauhiebb" {rC+ MR- MP-9 Str+7 SInv}
                  | (You found it on level 8 of the Dungeon)
 12510 | D:8      | Found a staircase to the Lair.
 12611 | D:8      | Found a deep blue altar of Sif Muna.
 12724 | D:8      | Killed a catoblepas
 12724 | D:8      | Reached skill level 5 in Shields
 13499 | D:8      | Got a transparent eveningstar
 13511 | D:8      | Identified the +7 eveningstar of the Asp {crush, Str+4}
                  | (You found it on level 8 of the Dungeon)
 13613 | D:9      | Found an iron altar of Okawaru.
 13643 | D:9      | Learned a level 6 spell: Bolt of Fire
 13724 | D:9      | Slain by a shadow

Skill      XL: |  1  2  3  4  5  6  7  8  9 10 |
---------------+-------------------------------+-----
Conjurations   | 1 2 3 4 6 7 8 |  8.6
Spellcasting   | 3 4 5 6 |  6.2
Summonings     | 1 2 3 4 5 |  5.9
Air Magic      | 1 2 3 |  3.0
Poison Magic   | 1 2 3 |  3.1
Maces & Flails | 1 2 3 |  3.1
Shields        | 1 2 3 4 5 |  5.1
Fighting       | 2 3 |  3.1
Long Blades    | 1 2 |  2.8
Armour         | |  0.9
Dodging        | |  1.7
Stealth        | |  1.7
Translocations | |  0.8
Fire Magic     | |  0.6

Action                   |  1- 3 |  4- 6 |  7- 9 | 10-12 || total
-------------------------+-------+-------+-------+-------++-------
Melee: Dagger            |    18 |       |       |       ||    18
       Unarmed           |     3 |       |       |       ||     3
       Staff             |    15 |       |       |       ||    15
       Club              |       |    85 |   205 |       ||   290
       Long sword        |       |       |    44 |    53 ||    97
       Eveningstar       |       |       |       |    22 ||    22
 Cast: Magic Dart        |    89 |    96 |   253 |    29 ||   467
       Call Imp          |     1 |     2 |    26 |    10 ||    39
       Mephitic Cloud    |     1 |    12 |    35 |    15 ||    63
       Blink             |       |       |     1 |       ||     1
Evoke: Wand              |       |       |     2 |     2 ||     4
  Use: Scroll            |       |       |     1 |     2 ||     3
 Stab: Sleeping          |     2 |       |     5 |     1 ||     8
       Confused          |       |     2 |     7 |     6 ||    15
       Distracted        |       |       |     1 |       ||     1
  Eat: Chunk             |     2 |    12 |    19 |     5 ||    38
       Ration            |       |       |     2 |       ||     2
Armor: Robe              |     9 |    23 |    53 |     1 ||    86
       Troll leather arm |       |       |       |     2 ||     2
Dodge: Dodged            |    49 |    72 |   143 |    44 ||   308
Block: Buckler           |       |       |    16 |    12 ||    28
       Rpst.: Long sword |       |       |     5 |     6 ||    11
